 Dungeon Crawl Stone Soup version 0.21.1-1-g345015fe64 (webtiles) character file.

14512 Jerry the Basher (level 11, -6/111 HPs)
             Began as a Troll Berserker on Feb 16, 2018.
             Was an Elder of Trog.
             Mangled by a red devil
             ... wielding a +0 trident of flaming
              (11 damage)
             ... in a volcano.
             The game lasted 00:32:12 (11307 turns).

Jerry the Basher (Troll Berserker)                 Turns: 11307, Time: 00:32:12

Health: -6/111     AC:  6    Str: 27    XL:     11   Next: 89%
Magic:  8/8        EV: 11    Int:  3    God:    Trog [****..]
Gold:   794        SH:  0    Dex: 12    Spells: 10/10 levels left

rFire    + + .     SeeInvis .   m - +2 whip (drain)
rCold    x . .     Gourm    +   (no shield)
rNeg     . . .     Faith    .   K - +0 fire dragon scales
rPois    +         Spirit   .   (helmet restricted)
rElec    .         Reflect  .   b - +0 cloak
rCorr    .         Harm     .   (gloves unavailable)
MR       ++...                  (boots unavailable)
Stlth    ..........             (no amulet)
HPRegen  1.68/turn              (no ring)
MPRegen  0.11/turn              D - ring of poison resistance

@: corroded, berserk cooldown, regenerating, slowed, very slow
A: large, unfitting armour, claws 3, horns 1, fast metabolism 3, gourmand, low
mp 1, regeneration 1, shaggy fur 1, tough skin 2
a: Berserk, Trog's Hand, Brothers in Arms, Burn Spellbooks, Renounce Religion


You were in a volcano.
You worshipped Trog.
Trog was greatly pleased with you.
You were not hungry.

You visited 2 branches of the dungeon, and saw 13 of its levels.
You also visited: Volcano.

You collected 794 gold pieces.

Inventory:

Hand Weapons
 a - a +0 mace
 m - a +2 whip of draining (weapon)
 v - a +0 giant spiked club
 x - a +0 flail of protection
Armour
 b - a +0 cloak (worn)
 f - a +1 troll leather armour
 K - +0 fire dragon scales (worn)
Jewellery
 t - a cursed -2 ring of intelligence
 D - a ring of poison resistance (right claw)
Wands
 k - a wand of polymorph (7)
 p - a wand of iceblast (10)
 r - a wand of enslavement (15)
 y - a wand of digging (14)
 B - a wand of paralysis (36)
 F - a wand of acid (5)
 I - a wand of random effects (40)
 J - a wand of disintegration (6)
Scrolls
 g - a scroll of identify
 h - 8 scrolls of remove curse
 i - 2 scrolls of fear
 j - 3 scrolls of enchant weapon
 n - 2 scrolls of magic mapping
 o - 9 scrolls of teleportation
 w - a scroll of fog
 G - 2 scrolls of blinking
Potions
 d - 2 potions of agility
 e - a potion of lignification
 l - a potion of mutation
 q - 8 potions of flight
 s - 3 potions of brilliance
 u - 3 potions of heal wounds
 z - 2 potions of curing
 A - 2 potions of invisibility
 C - 2 potions of haste
 E - a potion of might
Comestibles
 c - 24 rations


   Skills:
 + Level 8.2 Fighting
 * Level 12.1 Maces & Flails
 * Level 4.9 Armour
 + Level 8.2 Dodging


You had 10 spell levels left.
You didn't know any spells.

Dungeon Overview and Level Annotations

Branches:
Dungeon (10/15)            Temple (0/1) D:7            Lair (3/6) D:10
  Swamp (0/4) Lair:3       Spider (0/4) Lair:3          Orc (0/2) D:10

Altars:
Ashenzari
Elyvilon
Fedhas

Portals:
Trove: D:10 (give 17 potions of curing)


Innate Abilities, Weirdness & Mutations

You are too large for most types of armour.
You have claws for hands.
Your metabolism is lightning-fast.
You like to eat raw meat.
Your natural rate of healing is unusually fast.
You are covered in fur. (AC +1)
You have very tough skin. (AC +2)
You have a pair of small horns on your head.
Your magical capacity is low. (-10% MP)


Message History

The red devil burns you.
* * * LOW HITPOINT WARNING * * *
The smoke demon hits you but does no damage.
The smoke demon hits you.
* * * LOW HITPOINT WARNING * * *
The smoke demon hits you but does no damage. x2
The smoke demon closely misses you.
The smoke demon hits you but does no damage.
The hell knight hits your deep troll with a great mace of flaming!!
The hell knight burns your deep troll!
The red devil hits you from afar with a trident of flaming.
* * * LOW HITPOINT WARNING * * *
You closely miss the smoke demon.
Your deep troll bites the red devil!
Your deep troll barely misses the red devil.
Your deep troll claws the red devil!!
The smoke demon gestures at you. Something smites you!
* * * LOW HITPOINT WARNING * * *
The red devil hits you from afar with a trident of flaming!
You die...

####§§≈≈#.# ####
#≈≈§§####.# ####..#
####§§≈≈#.# ##......
#§§§§####.# ###.....≈≈
####§§§§#.###8.....§≈≈
#§§§§####.'.......≈§≈≈
####§§§§#####8.....§≈§
#§§§§#### ##...≈§§§≈
#####@3T# #...≈§§≈≈
###4p# ....§§§≈≈ p..#
...≈≈≈≈§≈≈ ...$#
...≈≈≈≈§≈≈≈ [..!##
§§≈≈≈≈≈ ######


You could see a hell knight, a smoke demon, a red devil and a friendly deep
troll (berserk).

Vanquished Creatures
  2 two-headed ogres
  An obsidian statue (Volcano)
  An ugly thing (Volcano)
  Maurice (D:10)
  A black mamba (Lair:1)
  3 spiny frogs
  3 komodo dragons
  2 trolls (D:10)
  Grinder (D:4)
  3 blink frogs (Lair:2)
  A hippogriff (D:6)
  Sigmund (D:3)
  5 fire bats (Volcano)
  5 yaks (D:9)
  A basilisk (Lair:2)
  A warg (D:10)
  Edmund (D:6)
  7 water moccasins
  2 porcupines
  4 orc warriors
  A black bear (D:6)
  An ice beast (D:8)
  2 phantoms
  2 sky beasts
  3 centaurs
  7 ogres
  2 big kobolds
  6 crocodiles
  9 bullfrogs
  4 scorpions
  3 jellies
  7 wights
  5 lava snakes (Volcano)
  6 crimson imps
  3 hounds
  8 orc wizards
  2 bullfrog zombies
  2 centaur skeletons
  2 bullfrog skeletons
  4 orc priests
  Ijyb (D:3)
  8 worker ants
  2 killer bee zombies
  A hound zombie (D:5)
  A hound skeleton (D:7)
  4 adders
  2 shadow imps
  3 adder skeletons
  An adder zombie (D:5)
  5 dart slugs
  3 worms
  6 leopard geckos
  22 orcs
  2 ball pythons
  7 giant cockroaches
  10 goblins
  9 hobgoblins
  10 jackals
  19 kobolds
  3 quokkas
  3 bats
  7 frilled lizards
  A jackal skeleton (D:8)
  A leopard gecko zombie (D:8)
  A quokka skeleton (D:4)
  7 rats
264 creatures vanquished.

Vanquished Creatures (collateral kills)
  2 hydras
  Sonja (D:10)
  A necrophage (D:10)
  A scorpion (Lair:3)
  A crimson imp (D:10)
  A worker ant (Lair:3)
  A worm (Lair:3)
  An orc (D:10)
  2 giant cockroaches (Lair:3)
11 creatures vanquished.

Grand Total: 275 creatures vanquished

Notes
Turn   | Place    | Note
-------+----------+-------------------------------------------
     0 | D:1      | Jerry the Troll Berserker began the quest for the Orb.
     0 | D:1      | Reached XP level 1. HP: 22/22 MP: 0/0
   203 | D:1      | Reached skill level 3 in Maces & Flails
   204 | D:1      | Reached XP level 2. HP: 29/29 MP: 1/1
   414 | D:1      | Reached ** piety under Trog
   454 | D:1      | Reached XP level 3. HP: 36/36 MP: 2/2
  1141 | D:2      | Reached XP level 4. HP: 44/44 MP: 3/3
  1619 | D:3      | Reached *** piety under Trog
  1858 | D:3      | Noticed Ijyb
  1873 | D:3      | Killed Ijyb
  1873 | D:3      | Reached skill level 4 in Maces & Flails
  1976 | D:3      | Noticed Sigmund
  1985 | D:3      | Killed Sigmund
  1985 | D:3      | Reached XP level 5. HP: 53/53 MP: 4/4
  1985 | D:3      | Reached XP level 6. HP: 61/61 MP: 5/5
  2546 | D:4      | Reached skill level 5 in Maces & Flails
  2830 | D:4      | Noticed Grinder
  2849 | D:4      | Killed Grinder
  2849 | D:4      | Reached XP level 7. HP: 22/70 MP: 6/6
  3315 | D:5      | Entered Level 5 of the Dungeon
  3342 | D:5      | Reached skill level 6 in Maces & Flails
  3619 | D:5      | Reached XP level 8. HP: 59/79 MP: 7/7
  3766 | D:5      | Reached skill level 7 in Maces & Flails
  3855 | D:5      | Found a white marble altar of Elyvilon.
  4101 | D:5      | Reached skill level 5 in Fighting
  4314 | D:6      | Noticed a hippogriff
  4320 | D:6      | Reached skill level 5 in Dodging
  4327 | D:6      | Killed a hippogriff
  4327 | D:6      | Reached **** piety under Trog
  4393 | D:6      | Noticed Edmund
  4413 | D:6      | Killed Edmund
  4478 | D:6      | Reached skill level 8 in Maces & Flails
  4618 | D:6      | Reached XP level 9. HP: 77/88 MP: 8/8
  5301 | D:7      | Found a staircase to the Ecumenical Temple.
  5598 | D:7      | Reached skill level 9 in Maces & Flails
  6434 | D:8      | Noticed a two-headed ogre
  6445 | D:8      | Killed a two-headed ogre
  6445 | D:8      | Reached XP level 10. HP: 100/100 MP: 9/9
  7080 | D:9      | Reached skill level 10 in Maces & Flails
  7624 | D:9      | Found a shattered altar of Ashenzari.
  7626 | D:9      | Found a blossoming altar of Fedhas.
  8117 | D:10     | Entered Level 10 of the Dungeon
  8135 | D:10     | Noticed a two-headed ogre
  8144 | D:10     | Killed a two-headed ogre
  8301 | D:10     | Noticed Maurice
  8438 | D:10     | Killed Maurice
  8438 | D:10     | Reached skill level 11 in Maces & Flails
  8458 | D:10     | Noticed Sonja
  8464 | D:10     | Reached skill level 1 in Armour
  8486 | D:10     | Killed Sonja
  8542 | D:10     | Found a portal to a secret trove of treasure.
  8671 | D:10     | Reached XP level 11. HP: 95/109 MP: 10/10
  8723 | D:10     | Found a staircase to the Orcish Mines.
  9121 | D:10     | Found a staircase to the Lair.
  9164 | D:10     | Gained mutation: Your body sometimes deteriorates upon taking damage. [potion of mutation]
  9164 | D:10     | Gained mutation: You have sharp toenails. [potion of mutation]
  9165 | D:10     | Lost mutation: You have sharp toenails. [potion of mutation]
  9165 | D:10     | Lost mutation: Your body sometimes deteriorates upon taking damage. [potion of mutation]
  9165 | D:10     | Gained mutation: You are resistant to hostile enchantments. (MR+) [potion of mutation]
  9165 | D:10     | Gained mutation: Your magical capacity is low. (-10% MP) [potion of mutation]
  9165 | D:10     | Lost mutation: You are resistant to hostile enchantments. (MR+) [potion of mutation]
  9165 | D:10     | Gained mutation: You have a pair of small horns on your head. [potion of mutation]
  9212 | Lair:1   | Entered Level 1 of the Lair of Beasts
  9604 | Lair:1   | Reached ***** piety under Trog
  9678 | Lair:1   | Noticed a seven-headed hydra
  9687 | Lair:1   | Killed a seven-headed hydra
 11025 | Lair:3   | Found a dark tunnel.
 11046 | Lair:3   | Noticed a four-headed hydra
 11049 | Lair:3   | Killed a four-headed hydra
 11053 | Lair:3   | Found a hole to the Spider Nest.
 11081 | Volcano  | Entered a volcano
 11154 | Volcano  | Reached skill level 12 in Maces & Flails
 11277 | Volcano  | Noticed an obsidian statue
 11287 | Volcano  | Noticed a red ugly thing
 11287 | Volcano  | Noticed a hell knight
 11294 | Volcano  | Killed an obsidian statue
 11302 | Volcano  | Killed a red ugly thing
 11302 | Volcano  | HP: 7/166 [red devil/trident of flaming (14)]
 11307 | Volcano  | HP: 5/111 [smoke demon/divine providence (13)]
 11307 | Volcano  | Mangled by a red devil

Skill      XL: |  1  2  3  4  5  6  7  8  9 10 11 |
---------------+----------------------------------+-----
Maces & Flails | 3 4 5 6 8 9 11 12 | 12.1
Dodging        | 3 4 5 6 7 8 |  8.2
Fighting       | 3 4 5 6 7 8 |  8.2
Armour         | 1 4 |  4.9

Action                   |  1- 3 |  4- 6 |  7- 9 | 10-12 || total
-------------------------+-------+-------+-------+-------++-------
Melee: Mace              |   106 |       |       |       ||   106
       Whip              |    43 |   144 |   417 |   542 ||  1146
       Unarmed           |       |       |       |     2 ||     2
       Headbutt          |       |       |       |    65 ||    65
Invok: Berserk           |     1 |     3 |     9 |    15 ||    28
       Trog's Hand       |       |     2 |     1 |     3 ||     6
       Brothers in Arms  |       |       |       |     5 ||     5
  Use: Scroll            |       |       |    18 |     6 ||    24
       Potion            |       |       |       |     3 ||     3
 Stab: Sleeping          |       |     2 |       |       ||     2
  Eat: Chunk             |    16 |    15 |    43 |    59 ||   133
Armor: Animal skin       |    62 |    29 |    79 |    19 ||   189
       Troll leather arm |       |       |       |    58 ||    58
       Skin              |       |       |       |     1 ||     1
       Fire dragon scale |       |       |       |    38 ||    38
Dodge: Dodged            |   109 |    63 |   186 |   207 ||   565
